 Dungeon Sprint DCSS version 0.30.1-11-g7821555f0a (webtiles) character file.

Game seed: 10513384922332644393

1255 Groucho the Geomancer (level 8, -16/41 HPs)
             Began as a Deep Elf Earth Elementalist on Oct 31, 2023.
             Was the Champion of Vehumet.
             Demolished by an orc knight
             ... wielding a +0 great mace
              (26 damage)
             ... in the Dungeon (Sprint VII: "The Pits").
             The game lasted 00:08:06 (910 turns).

Groucho the Geomancer (Deep Elf Earth Elementalist)  Turns: 910, Time: 00:08:06

Health: -16/41     AC:  2    Str:  5    XL:     8   Next: 26%
Magic:  0/23       EV: 16    Int: 23    God:    Vehumet [******]
Gold:   0          SH:  0    Dex: 15    Spells: 15/25 levels left

rFire   . . .        (no weapon)
rCold   . . .        (no shield)
rNeg    . . .        a - +0 robe
rPois   .            (no helmet)
rElec   .            (no cloak)
rCorr   .            (no gloves)
SInv    .            (no boots)
Will    .....        (no amulet)
Stlth   ++           (no ring)
HPRegen 0.26/turn    (no ring)
MPRegen 0.18/turn

%: no teleportation
@: no status effects
A: no striking features
a: Renounce Religion


You were in the Dungeon.
You worshipped Vehumet.
Vehumet was exalted by your worship.
You visited 1 branch

Inventory:

Hand Weapons
 e - a +0 quarterstaff of protection
Armour
 a - a +0 robe (worn)
Scrolls
 g - a scroll of blinking
 j - 5 scrolls of amnesia
 k - a scroll of butterflies
Potions
 b - 4 potions of magic
 f - 3 potions of berserk rage


   Skills:
 + Level 8.3 Dodging
 - Level 2.4 Stealth
 + Level 9.3 Spellcasting
 * Level 10.4 Conjurations
 - Level 1.1 Transmutations
 + Level 6.2 Fire Magic
 + Level 5.6 Air Magic
 * Level 10.9 Earth Magic


You had 15 spell levels left.
You knew the following spells:

 Your Spells              Type           Power      Damage    Failure   Level
a - Sandblast             Erth           100%       2d20      1%          1
b - Foxfire               Conj/Fire      100%       2x1d9     1%          1
c - Stone Arrow           Conj/Erth      100%       3d13      1%          3
d - Static Discharge      Conj/Air       94%        2-6/arc   1%          2
e - Mephitic Cloud        Conj/Pois/Air  35%        N/A       1%          3

Your spell library contained the following spells:

 Spells                   Type           Power      Damage    Failure   Level
 Fulminant Prism          Conj/Hex       17%        3d11      1%          4
 Passwall                 Tmut/Erth      31%        N/A       1%          2
 Petrify                  Tmut/Erth      38%        N/A       4%          4


Dungeon Overview and Level Annotations

Branches:
Dungeon (1/1)

Altars:
Ashenzari
Cheibriados
Dithmenos
Elyvilon
Fedhas
Gozag
Hepliaklqana
Kikubaaqudgha
Makhleb
Nemelex Xobeh
Okawaru
Qazlal
Ru
Sif Muna
Trog
Uskayaw
Vehumet
Wu Jian
Xom
Yredelemnul
Zin
The Shining One
Jiyva
Lugonu


Message History

You feel better. The orc knight misses you.
You flicker back into view.
Items here: )) [ ÷.
The orc knight attacks as you move away!
The orc knight closely misses you.
There is an open door here.
You see here a +0 giant club.
Items here: ) †††.
Casting: Sandblast (safe; 1% risk of failure)
Confirm with . or Enter, or press ? or * to list all spells.
You don't have enough magic to cast this spell.
Unknown command.
Casting: Sandblast (safe; 1% risk of failure)
Confirm with . or Enter, or press ? or * to list all spells.
Aiming: Sandblast (safe; 1% risk of failure)
Press: ? - help, Shift-Dir - straight line, f/p - orc knight
Aim: an orc knight, wielding a +0 great mace and wearing a +0 chain mail (heavily wounded, 84% to hit)
The blast of sand hits the orc knight.
The orc knight is severely wounded.
The orc knight misses you.
The orc knight hits you with a +0 great mace.
* * * LOW HITPOINT WARNING * * *
Unknown command.
Unknown command.
Unknown command.
There is an open door here.
You see here a killer bee corpse.
There is an open door, spattered with blood here.
The orc knight attacks as you move away!
The orc knight closely misses you.
Casting: Sandblast (safe; 1% risk of failure)
Confirm with . or Enter, or press ? or * to list all spells.
Aiming: Sandblast (safe; 1% risk of failure)
Press: ? - help, Shift-Dir - straight line, f/p - orc knight
Aim: an orc knight, wielding a +0 great mace and wearing a +0 chain mail (severely wounded, 84% to hit)
The blast of sand hits the orc knight!
The orc knight is severely wounded.
The orc knight hits you with a +0 great mace!!
Ouch! That really hurt!
You die...

#.##'#...).##...<...#
#.#...†....##.......#
#.#........##.......#
#'###########.......#
#.)#.#.##..##########
#.......#.######
##.#.#.##)#....#
#.......#)#)...#
##.#.#@##))))..+
#......o#†#.)).#
##.#.#..'.#....#
########## ####


You could see an orc knight.

Vanquished Creatures
  A polar bear (D)
  2 flying skulls (D)
  An ogre (D)
  2 gnoll sergeants (D)
  A scorpion (D)
  6 killer bees (D)
  A jelly (D)
  An orc priest (D)
  A gnoll bouda (D)
  An adder (D)
  10 gnolls (D)
  A river rat (D)
  3 orcs (D)
  An endoplasm (D)
  A quokka (D)
  2 ball pythons (D)
  A frilled lizard (D)
  2 kobolds (D)
  A rat (D)
39 creatures vanquished.

Vanquished Creatures (others)
  2 foxfires (D)
2 creatures vanquished.

Grand Total: 41 creatures vanquished

Notes
Turn   | Place    | Note
-------+----------+-------------------------------------------
     0 | D        | Groucho the Deep Elf Earth Elementalist began the quest for
                  | the Orb.
     0 | D        | Reached XP level 1. HP: 10/10 MP: 6/6
    51 | D        | Found a bloodstained altar of Trog.
    51 | D        | Found a shimmering blue altar of Sif Muna.
    51 | D        | Found a viscous altar of Jiyva.
    51 | D        | Found a hazy altar of Hepliaklqana.
    51 | D        | Found an opulent altar of Gozag.
    52 | D        | Found a glowing golden altar of the Shining One.
    52 | D        | Found a glowing silver altar of Zin.
    52 | D        | Found a basalt altar of Yredelemnul.
    52 | D        | Found a shimmering altar of Xom.
    52 | D        | Found an ornate altar of the Wu Jian Council.
    52 | D        | Found a sacrificial altar of Ru.
    52 | D        | Found a stormy altar of Qazlal.
    52 | D        | Found an iron altar of Okawaru.
    52 | D        | Found a sparkling altar of Nemelex Xobeh.
    52 | D        | Found a burning altar of Makhleb.
    52 | D        | Found a blossoming altar of Fedhas.
    52 | D        | Found a white marble altar of Elyvilon.
    52 | D        | Found a shadowy altar of Dithmenos.
    52 | D        | Found a snail-covered altar of Cheibriados.
    54 | D        | Found a radiant altar of Vehumet.
    54 | D        | Found a corrupted altar of Lugonu.
    55 | D        | Found a hide-covered altar of Uskayaw.
    55 | D        | Found an ancient bone altar of Kikubaaqudgha.
    55 | D        | Found a broken altar of Ashenzari.
    62 | D        | Became a worshipper of Vehumet
    75 | D        | Noticed a scorpion
   100 | D        | Killed a scorpion
   101 | D        | Reached skill level 5 in Earth Magic
   101 | D        | Reached XP level 2. HP: 9/15 MP: 3/9
   101 | D        | Reached XP level 3. HP: 12/19 MP: 3/11
   126 | D        | Reached * piety under Vehumet
   126 | D        | Offered knowledge of Foxfire by Vehumet.
   132 | D        | Reached skill level 5 in Spellcasting
   132 | D        | Reached XP level 4. HP: 21/24 MP: 2/13
   132 | D        | Reached ** piety under Vehumet
   221 | D        | Learned a level 1 spell: Foxfire
   225 | D        | Offered knowledge of Static Discharge by Vehumet.
   277 | D        | Learned a level 3 spell: Stone Arrow
   280 | D        | Learned a level 2 spell: Static Discharge
   283 | D        | Noticed a flying skull
   284 | D        | Offered knowledge of Mephitic Cloud by Vehumet.
   289 | D        | Reached skill level 5 in Conjurations
   304 | D        | Reached *** piety under Vehumet
   315 | D        | Reached skill level 5 in Dodging
   315 | D        | Reached skill level 1 in Fire Magic
   315 | D        | Reached skill level 1 in Air Magic
   320 | D        | Reached XP level 5. HP: 20/28 MP: 15/15
   321 | D        | Reached **** piety under Vehumet
   329 | D        | Learned a level 3 spell: Mephitic Cloud
   341 | D        | Killed a flying skull
   341 | D        | Offered knowledge of Olgreb's Toxic Radiance by Vehumet.
   342 | D        | Reached XP level 6. HP: 29/32 MP: 12/18
   381 | D        | Noticed a polar bear
   385 | D        | Killed a polar bear
   386 | D        | Reached XP level 7. HP: 19/36 MP: 15/20
   654 | D        | Noticed a flying skull
   655 | D        | Offered knowledge of Ignite Poison by Vehumet.
   655 | D        | Reached ***** piety under Vehumet
   658 | D        | Reached skill level 5 in Fire Magic
   659 | D        | Killed a flying skull
   660 | D        | Reached skill level 10 in Earth Magic
   662 | D        | Reached skill level 5 in Air Magic
   871 | D        | Offered knowledge of Fulminant Prism by Vehumet.
   874 | D        | Noticed an orc knight
   880 | D        | Reached skill level 10 in Conjurations
   880 | D        | Reached XP level 8. HP: 23/41 MP: 14/23
   890 | D        | Reached ****** piety under Vehumet
   910 | D        | Demolished by an orc knight

Illustrated notes

Levels and vault maps discovered:
D:        pitsprint [storerooms_1, entrance_room_1, metal_vault_1, armoury_3,
          mini_pit_1, grid_room_1, main_hall_1, silver_pit, the_coven_1,
          the_vestibule_1, steel_vault_4, golden_pit, hallway_of_sentries,
          crystal_vault_4, iron_vault_1, final_vault]

Skill      XL: |  1  2  3  4  5  6  7  8 |
---------------+-------------------------+-----
Dodging        | 4 5 6 7 8 |  8.3
Spellcasting   | 4 5 7 9 |  9.3
Conjurations   | 4 5 7 8 10 | 10.4
Earth Magic    | 5 6 8 9 10 | 10.9
Fire Magic     | 1 4 5 6 |  6.2
Air Magic      | 1 3 4 5 |  5.6
Stealth        | |  2.4
Transmutations | |  1.1

Action                     |  1- 3 |  4- 6 |  7- 9 || total
---------------------------+-------+-------+-------++-------
   Cast: Sandblast         |    10 |    15 |     5 ||    30
         Static Discharge  |       |     3 |     9 ||    12
         Stone Arrow       |       |     6 |    13 ||    19
         Foxfire           |       |     1 |       ||     1
         Mephitic Cloud    |       |       |     1 ||     1
    Use: Potion            |     1 |     4 |     5 ||    10
 Armour: Robe              |     1 |     3 |     1 ||     5
  Dodge: Dodged            |     3 |    24 |    26 ||    53
